[Event "Yingmei CHN-chT 2018"]
[Site "Jiaxing"]
[Date "2018.07.11"]
[Round "9"]
[White "Ni, Hua"]
[Black "Zeng, Chongsheng"]
[Result "0-1"]
[ECO "A60"]
[WhiteElo "2673"]
[BlackElo "2540"]
[Annotator "ChessBase"]
[PlyCount "133"]
[EventDate "2018.07.09"]
[EventType "team-tourn"]
[EventCountry "CHN"]
[SourceTitle "playchess.com"]
[Source "ChessBase"]
[SourceQuality "1"]
[TimeControl "5400+30"]

1. d4 Nf6 2. c4 e6 3. g3 c5 4. d5 exd5 5. cxd5 b5 6. e4 Nxe4 7. Bg2 Nd6 8. Nf3 Qe7+ 9. Kf1 Na6 10. Bf4 Bb7 11. Nc3 b4 12. Na4 f6 13. Nd2 Kf7 14. Bxd6 Qxd6 15. Nc4 Qc7 16. d6 Bxg2+ 17. Kxg2 Qc6+ 18. Qf3 Qxf3+ 19. Kxf3 h5 20. Rhe1 g5 21. Rad1 g4+ 22. Kg2 Kg6 23. Rd5 Rc8 24. b3 Rh7 25. Nab2 Bh6 26. Nd3 Nb8 27. h4 Nc6 28. Rxc5 Rb8 29. Re4 Rhh8 30. Ne3 Rhe8 31. Rxe8 Rxe8 32. Nd5 Kf7 33. N5xb4 Nxb4 34. Nxb4 Re5 35. Rc7 Ke6 36. Rxa7 Re2 37. Nd3 Kxd6 38. Ra6+ Ke7 39. Ra5 Rd2 40. Nf4 Bxf4 41. gxf4 d5 42. a4 Ke6 43. Ra6+ Kf5 44. a5 g3 45. Rd6 Kg4 46. Kg1 Rd1+ 47. Kg2 Rd2 48. Kg1 Rxf2 49. Rxd5 Rb2 50. Rd1 Ra2 51. b4 Kxh4 52. b5 Rxa5 53. Rb1 f5 54. b6 Ra8 55. b7 Rb8 56. Kg2 Kg4 57. Rb6 h4 58. Rg6+ Kxf4 59. Rb6 Kg4 60. Rg6+ Kh5 61. Rb6 f4 62. Kh3 f3 63. Rb5+ Kg6 64. Rb6+ Kf5 65. Rb5+ Ke6 66. Rb6+ Kd5 67. Rb5+ 0-1

[Event "Yingmei CHN-chT 2018"]
[Site "Jiaxing"]
[Date "2018.07.11"]
[Round "9"]
[White "Gordievsky, Dmitry"]
[Black "Peng, Hongchi"]
[Result "1-0"]
[ECO "E68"]
[WhiteElo "2653"]
[BlackElo "2324"]
[Annotator "ChessBase"]
[PlyCount "123"]
[EventDate "2018.07.09"]
[EventType "team-tourn"]
[EventCountry "CHN"]
[SourceTitle "playchess.com"]
[Source "ChessBase"]
[SourceQuality "1"]
[TimeControl "5400+30"]

1. Nf3 Nf6 2. c4 d6 3. d4 g6 4. g3 Bg7 5. Bg2 O-O 6. O-O Nbd7 7. Nc3 e5 8. h3 Re8 9. e4 exd4 10. Nxd4 Nc5 11. Re1 Bd7 12. Kh2 Rb8 13. Rb1 a6 14. b4 Ne6 15. Nde2 h6 16. f4 b5 17. cxb5 axb5 18. Bb2 Rb6 19. a3 c5 20. Qd2 c4 21. e5 dxe5 22. fxe5 Nh7 23. Rbd1 Nef8 24. Nd5 Ra6 25. Nef4 Qb8 26. Nf6+ Nxf6 27. exf6 Bxf6 28. Bxf6 Rxf6 29. Nd5 Rfe6 30. Qxh6 Bc6 31. Rxe6 Rxe6 32. Nf4 Bxg2 33. Nxe6 Nxe6 34. Kxg2 Qa8+ 35. Kh2 Qxa3 36. Qd2 Qf3 37. Rc1 Kh7 38. Rc2 Qe4 39. Qe2 Qd5 40. Qg2 Qd7 41. Rc1 Kg7 42. Qb2+ Kg8 43. Qc3 Qd5 44. Rf1 Nd4 45. Qe3 Nc6 46. Re1 Kh7 47. Qc3 Nd4 48. Rf1 Kg8 49. Qe3 Nc6 50. Rb1 Ne5 51. Rf1 Nd3 52. Rd1 Kh7 53. h4 Qf5 54. Rd2 Nxb4 55. Rf2 Qd7 56. h5 Nd3 57. Rf6 c3 58. hxg6+ fxg6 59. Qe4 Qg7 60. Qh4+ Kg8 61. Rc6 Qd7 62. Rxg6+ 1-0

[Event "Yingmei CHN-chT 2018"]
[Site "Jiaxing"]
[Date "2018.07.11"]
[Round "9"]
[White "Xu, Xiangyu"]
[Black "Zhou, Jianchao"]
[Result "1/2-1/2"]
[ECO "E04"]
[WhiteElo "2585"]
[BlackElo "2624"]
[Annotator "RC"]
[PlyCount "45"]
[EventDate "2018.07.09"]
[EventType "team-tourn"]
[EventCountry "CHN"]
[SourceTitle "playchess.com"]
[Source "ChessBase"]
[SourceQuality "1"]
[TimeControl "5400+30"]

1. d4 d5 2. Nf3 Nf6 3. c4 e6 4. g3 dxc4 5. Bg2 Bd7 6. Ne5 Bc6 7. Nxc6 Nxc6 8. O-O Qd7 9. e3 Rd8 10. Qc2 e5 11. dxe5 Nxe5 12. Nd2 c6 13. Nxc4 Nxc4 14. Qxc4 Qe6 15. b3 Bd6 16. Bb2 O-O 17. Qc3 Rfe8 18. Qa5 a6 19. Rad1 Qe7 20. Qf5 Qe6 21. Qa5 Qe7 22. Qf5 Qe6 23. Qa5 1/2-1/2

[Event "Yingmei CHN-chT 2018"]
[Site "Jiaxing"]
[Date "2018.07.11"]
[Round "9"]
[White "Tan, Zhongyi"]
[Black "Ju, Wenjun"]
[Result "1/2-1/2"]
[ECO "C42"]
[WhiteElo "2522"]
[BlackElo "2571"]
[Annotator "ChessBase"]
[PlyCount "92"]
[EventDate "2018.07.09"]
[EventType "team-tourn"]
[EventCountry "CHN"]
[SourceTitle "playchess.com"]
[Source "ChessBase"]
[SourceQuality "1"]
[TimeControl "5400+30"]

1. e4 e5 2. Nf3 Nf6 3. Nxe5 d6 4. Nf3 Nxe4 5. d4 d5 6. Bd3 Bd6 7. O-O O-O 8. c4 c6 9. Qc2 Na6 10. a3 Bg4 11. Ne5 Bf5 12. b4 f6 13. Nf3 Bg6 14. c5 Bb8 15. Nc3 Re8 16. Nh4 f5 17. g3 Nxc3 18. Qxc3 Qf6 19. f4 Nc7 20. Nf3 Nb5 21. Qb2 Bh5 22. Ne5 Nxd4 23. Qxd4 Rxe5 24. Bb2 Re8 25. Qxf6 gxf6 26. Bxf6 Kf7 27. Bd4 Be2 28. Bxf5 Bxf1 29. Kxf1 Kg8 30. Re1 Rxe1+ 31. Kxe1 Bc7 32. Be6+ Kf8 33. f5 Re8 34. Kf2 Rxe6 35. fxe6 Ke7 36. Kf3 Kxe6 37. Bc3 Be5 38. Bd2 Bd4 39. g4 a5 40. h4 a4 41. Bc1 Be5 42. h5 Kf6 43. Ke2 Bd4 44. Kf3 Be5 45. Ke2 Bd4 46. Kf3 Ke5 {Ke4} 1/2-1/2

[Event "Yingmei CHN-chT 2018"]
[Site "Jiaxing"]
[Date "2018.07.11"]
[Round "9"]
[White "Ushenina, Anna"]
[Black "Ren, Xiaoyi"]
[Result "1-0"]
[ECO "E06"]
[WhiteElo "2443"]
[BlackElo "2282"]
[Annotator "NA"]
[PlyCount "59"]
[EventDate "2018.07.09"]
[EventType "team-tourn"]
[EventCountry "CHN"]
[SourceTitle "playchess.com"]
[Source "ChessBase"]
[SourceQuality "1"]
[TimeControl "5400+30"]

1. d4 d5 2. c4 e6 3. Nf3 Nf6 4. g3 dxc4 {LiveBook: 6403 Games} 5. Bg2 c6 6. O-O Be7 7. Ne5 Nbd7 8. Nxc4 O-O 9. Nc3 Nb6 10. Ne5 Nbd7 11. Nf3 Qc7 (11... b5 $11 {keeps the balance.}) 12. Bf4 Bd6 13. Bxd6 Qxd6 14. e4 e5 15. Re1 $14 Qe7 16. d5 Rd8 17. Qb3 Nb6 18. a4 cxd5 19. exd5 e4 20. Ng5 Bf5 21. Ngxe4 Nfxd5 22. a5 Qb4 23. Nd2 Qxb3 24. Nxb3 Nxc3 25. axb6 Nd5 26. bxa7 Kf8 27. Nc5 b6 28. Re5 Be6 29. Rxe6 fxe6 30. Nxe6+ 1-0

[Event "Yingmei CHN-chT 2018"]
[Site "Jiaxing"]
[Date "2018.07.11"]
[Round "9"]
[White "Wang, Jue"]
[Black "Gu, Tianlu"]
[Result "1-0"]
[ECO "C54"]
[WhiteElo "2366"]
[BlackElo "2178"]
[Annotator "NA"]
[PlyCount "100"]
[EventDate "2018.07.09"]
[EventType "team-tourn"]
[EventCountry "CHN"]
[SourceTitle "playchess.com"]
[Source "ChessBase"]
[SourceQuality "1"]
[TimeControl "5400+30"]

1. e4 e5 2. Nf3 Nc6 3. Bc4 Bc5 4. O-O Nf6 5. d3 O-O 6. h3 h6 7. c3 d6 8. Bb3 a6 {C54: Giuoco Piano: 4 c3 Nf6, main lines with 5 d4 and 5 d3} 9. Nbd2 Re8 10. Re1 Be6 11. Bc2 Bb6 (11... d5 12. exd5 Qxd5 13. b4 Bf8 14. a4 b5 {½-½ (60) Aronian,L (2764)-Karjakin,S (2782) Paris 2018}) 12. Nf1 d5 13. exd5 Bxd5 14. Ng3 Qd7 15. Be3 Bxe3 16. Rxe3 Re7 {[#]} 17. Nh4 $146 ({Predecessor:} 17. Qe2 Rae8 18. a4 a5 19. Re1 g6 {½-½ (52) Andriasian,Z (2599)-Xu,J (2504) China 2017}) 17... g6 18. c4 Be6 19. Ba4 Qd6 ({Black should play} 19... b5 $14 20. cxb5 Nd4) 20. Bxc6 $1 bxc6 21. Nf3 $16 Nd7 22. Ne4 Qb4 23. Qe2 f5 24. a3 Qb6 25. c5 Qb7 26. Nc3 f4 27. Re4 Bf5 28. Rb4 Qa7 29. Ne4 Nxc5 30. Rc1 Bxe4 31. dxe4 a5 32. Rbc4 Nb3 33. Rd1 c5 34. Rd5 Rae8 35. Qd1 Qb6 36. a4 Nd4 37. Rcxc5 c6 38. Rxd4 Qxc5 39. Rd6 Kg7 40. Nh4 Re6 41. Rd7+ R8e7 42. Rd8 Qb4 43. Qd3 Qe1+ 44. Kh2 Qxf2 45. Nf3 Qxb2 46. Rc8 Qb6 47. Ra8 Qc7 48. Qc3 Re8 49. Rxa5 Kf6 50. Rc5 Qd7 1-0

[Event "Yingmei CHN-chT 2018"]
[Site "Jiaxing"]
[Date "2018.07.11"]
[Round "9"]
[White "Wang, Yu A"]
[Black "Girya, Olga"]
[Result "1/2-1/2"]
[ECO "B18"]
[WhiteElo "2340"]
[BlackElo "2465"]
[Annotator "ChessBase"]
[PlyCount "163"]
[EventDate "2018.07.09"]
[EventType "team-tourn"]
[EventCountry "CHN"]
[SourceTitle "playchess.com"]
[Source "ChessBase"]
[SourceQuality "1"]
[TimeControl "5400+30"]

1. e4 c6 2. d4 d5 3. Nc3 dxe4 4. Nxe4 Bf5 5. Ng3 Bg6 6. Nh3 Nd7 7. Nf4 Qc7 8. h4 e5 9. dxe5 Qxe5+ 10. Be2 O-O-O 11. Nd3 Qc7 12. h5 Bxd3 13. Qxd3 Ngf6 14. Bd2 Nd5 15. O-O-O Nf4 16. Bxf4 Qxf4+ 17. Kb1 Bc5 18. Qf5 Qxf5 19. Nxf5 g6 20. Nh6 Rhf8 21. f4 Nb6 22. Ng4 Rxd1+ 23. Rxd1 Nd5 24. g3 gxh5 25. Ne5 f6 26. Nd3 Be3 27. Bxh5 Rg8 28. c4 Nb6 29. g4 Rd8 30. b3 Bxf4 31. Kc2 Bg5 32. Nc5 Rxd1 33. Kxd1 Be3 34. Ne4 Bd4 35. Ke2 Nd7 36. Be8 Nf8 37. Kd3 Be5 38. Ke3 Kd8 39. Bf7 Ke7 40. Bg8 h6 41. Nc5 b6 42. Nd3 Kd6 43. Ke4 Nd7 44. Kf5 Bc3 45. Be6 Nf8 46. Bg8 Nd7 47. Be6 Nc5 48. Nxc5 Kxc5 49. Ke4 Be1 50. Bd7 Kb4 51. Bxc6 Ka3 52. Kd3 Kxa2 53. Kc2 Ka3 54. Bd7 Kb4 55. Bc8 Bg3 56. Bd7 Kc5 57. Kd3 Kd6 58. Bc8 Ke5 59. Ke3 a5 60. Bd7 Be1 61. Bc8 Bb4 62. Bd7 Bc5+ 63. Kf3 Bd6 64. Ke3 Ba3 65. Bc8 Bc5+ 66. Kf3 Kd4 67. Bd7 Bd6 68. Be8 Bh2 69. Bd7 Kd3 70. Bc6 Kd4 71. Bd7 Ke5 72. Bc8 Bf4 73. Bd7 Bg5 74. Bc8 Kd4 75. Bd7 Kc3 76. Ba4 Kd3 77. Bd7 Kd2 78. Ke4 Ke2 79. Kf5 Kf3 80. Bc6+ Kg3 81. Bd7 Kh4 82. Be8 1/2-1/2

[Event "Yingmei CHN-chT 2018"]
[Site "Jiaxing"]
[Date "2018.07.11"]
[Round "9"]
[White "Xu, Minghui"]
[Black "Zhang, Ziji"]
[Result "1/2-1/2"]
[ECO "E04"]
[WhiteElo "2334"]
[BlackElo "2361"]
[Annotator "NA"]
[PlyCount "66"]
[EventDate "2018.07.09"]
[EventType "team-tourn"]
[EventCountry "CHN"]
[SourceTitle "playchess.com"]
[Source "ChessBase"]
[SourceQuality "1"]
[TimeControl "5400+30"]

1. d4 Nf6 2. c4 e6 3. g3 d5 4. Bg2 dxc4 5. Nf3 a6 6. O-O Nc6 7. e3 Bd7 8. Nc3 Nd5 {E04: Open Catalan: 5 Nf3} 9. Nd2 Nb6 10. Qe2 Na5 11. Nf3 Bb4 {LiveBook: 4 Games} 12. Ne5 O-O 13. Bd2 Qe7 14. Rad1 Rad8 15. a3 Bd6 16. Nb1 Bxe5 17. Bxa5 {[#]} Bd6 $146 18. Bxb7 Na4 19. Bf3 Rb8 20. Rd2 Rb5 $14 21. Bc3 $1 Rfb8 22. Qxc4 Nxb2 23. Bxb2 Rxb2 24. Rxb2 Rxb2 25. Qxa6 Bb5 26. Qa8+ Qe8 27. Qxe8+ Bxe8 28. Rc1 Ra2 29. Nc3 Rxa3 30. Ne4 Kf8 31. h4 Ke7 32. Rb1 Bc6 33. Kg2 Bxe4 1/2-1/2

[Event "Yingmei CHN-chT 2018"]
[Site "Jiaxing"]
[Date "2018.07.11"]
[Round "9"]
[White "Gong, Qianyun"]
[Black "Xiao, Yiyi"]
[Result "1-0"]
[ECO "C45"]
[WhiteElo "2328"]
[BlackElo "2345"]
[Annotator "NA"]
[PlyCount "155"]
[EventDate "2018.07.09"]
[EventType "team-tourn"]
[EventCountry "CHN"]
[SourceTitle "playchess.com"]
[Source "ChessBase"]
[SourceQuality "1"]
[TimeControl "5400+30"]

1. e4 e5 2. Nf3 Nc6 3. d4 exd4 4. Nxd4 Nf6 5. Nxc6 bxc6 6. e5 Qe7 7. Qe2 Nd5 8. c4 Ba6 9. Nd2 g6 10. Nf3 Bg7 11. Bg5 f6 12. exf6 Qxe2+ 13. Bxe2 Nxf6 14. O-O-O {LiveBook: 33 Partien} O-O-O 15. Rhe1 Rde8 16. Be3 Ne4 17. Bd3 ({Not} 17. Bxa7 c5 $17) 17... c5 $11 18. h4 d6 19. Ng5 Nf6 20. f3 Nd7 21. b3 Bb7 22. Bc2 Bf6 23. Bf2 Ne5 24. Ne4 Bg7 25. Re2 Bc6 26. Rde1 a5 27. Bg3 a4 28. Kb1 axb3 29. axb3 Nf7 30. Ng5 Rxe2 31. Rxe2 Nxg5 32. hxg5 Kd7 33. Be4 Ra8 34. Bxc6+ Kxc6 35. Kc2 Ra2+ 36. Kd3 Ra3 37. Kc2 Kd7 38. Bf4 Ra2+ 39. Kd3 Ra3 40. Kc2 Ra2+ 41. Kd3 Ra3 42. Kc2 c6 43. Bc1 Ra2+ 44. Kd3 Ra1 45. Kc2 d5 46. Bd2 Ra2+ 47. Kd1 Rb2 48. Be3 Rb1+ 49. Kc2 Rb2+ 50. Kd1 Rxb3 51. cxd5 Rd3+ 52. Ke1 Rxd5 53. Ra2 Bd4 54. Bf4 Ke6 55. Ra6 Be5 56. Be3 Kd6 57. Ra7 c4 58. Rxh7 c3 59. Ke2 c2 60. Rh1 Bb2 61. f4 c5 62. g4 Kc6 63. Bc1 Bg7 64. Rf1 Kd7 65. f5 gxf5 66. gxf5 Bd4 67. f6 Ke6 68. f7 Bg7 69. f8=Q Bxf8 70. Rxf8 Rd4 71. Rf6+ Ke7 72. Rf3 Rd1 73. Rf1 Rd4 74. Be3 Rg4 75. Bxc5+ Ke6 76. Be3 Ke5 77. Kd3 Rg3 78. Rc1 1-0

[Event "Yingmei CHN-chT 2018"]
[Site "Jiaxing"]
[Date "2018.07.11"]
[Round "9"]
[White "Zhai, Mo"]
[Black "Zhu, Jiner"]
[Result "1-0"]
[ECO "D38"]
[WhiteElo "2304"]
[BlackElo "2306"]
[Annotator "NA"]
[PlyCount "63"]
[EventDate "2018.07.09"]
[EventType "team-tourn"]
[EventCountry "CHN"]
[SourceTitle "playchess.com"]
[Source "ChessBase"]
[SourceQuality "1"]
[TimeControl "5400+30"]

1. c4 Nf6 2. Nf3 e6 3. d4 d5 4. Nc3 Bb4 {LiveBook: 7814 Games} 5. Qa4+ Nc6 6. e3 O-O 7. Bd2 Bd7 {D38: Queen's Gambit Declined: Ragozin Defence (4 Nf3 Bb4)} (7... dxc4 8. Bxc4 Bd6 9. e4 e5 10. dxe5 Nxe5 11. Nxe5 Bxe5 12. O-O-O Qe8 13. Qxe8 Rxe8 14. f3 Be6 15. Bxe6 Rxe6 {½-½ (67) Navara,D (2727)-Harikrishna,P (2732) Prague 2018}) 8. Qc2 Re8 9. a3 Bd6 10. h3 h6 $146 ({Predecessor:} 10... a6 11. Rd1 dxc4 12. Bxc4 e5 13. O-O h6 14. Bc1 Qe7 {0-1 (77) Pilaj,H (2372)-Blohberger,F (2319) Graz 2017}) 11. Rc1 (11. c5 $1 $14 Bf8 12. Bb5) 11... Qe7 $2 (11... e5 $11 {and Black stays safe.}) 12. c5 Bxc5 13. dxc5 Qxc5 14. Ne4 Qe7 (14... Nxe4 $142 15. Qxc5 Nxc5) 15. Nc5 Rab8 16. Nxd7 Nxd7 17. Bb5 e5 $18 18. O-O e4 19. Bxc6 bxc6 20. Nd4 Rb6 21. Ba5 Ra6 22. Qe2 Nb8 23. b4 Rf8 24. Qg4 g6 25. Nb3 c5 26. Rxc5 Nc6 27. Qe2 Nxa5 28. Nxa5 Rd6 29. Rfc1 Rc8 30. Nc6 Qd7 31. Nxa7 Ra8 32. Rxc7 1-0

[Event "Yingmei CHN-chT 2018"]
[Site "Jiaxing"]
[Date "2018.07.11"]
[Round "9"]
[White "Zhao, Shengxin"]
[Black "Huang, Qian"]
[Result "0-1"]
[ECO "D26"]
[WhiteElo "2156"]
[BlackElo "2441"]
[Annotator "NA"]
[PlyCount "137"]
[EventDate "2018.07.09"]
[EventType "team-tourn"]
[EventCountry "CHN"]
[SourceTitle "playchess.com"]
[Source "ChessBase"]
[SourceQuality "1"]
[TimeControl "5400+30"]

1. d4 d5 2. c4 dxc4 3. Nf3 c5 4. e3 cxd4 5. Qxd4 Qxd4 6. Nxd4 a6 7. Bxc4 {LiveBook: 6 Partien} e6 8. O-O Nf6 9. Be2 $146 {D26: Queen's Gambit Accepted: 4 e3 e6 5 Bxc5 c5 sidelines} ({Predecessor:} 9. b3 Bd6 10. Bb2 Ke7 11. Nd2 b5 12. Be2 Bb7 13. a4 b4 14. Nc4 Bc7 15. a5 Nbd7 16. Nc2 Nc5 17. Nxb4 Nxb3 {½-½ (40) Semcesen,D (2351)-Rasmussen,A (2510) Ballerup 2008}) 9... Bc5 10. Nc3 b5 11. Bf3 Ra7 12. Nb3 Be7 13. e4 Nc6 14. Be3 Rd7 15. Bc5 ({White should play} 15. Rfc1 $14) 15... Bxc5 16. Nxc5 Rd2 17. Nb3 Rd8 18. a3 Ke7 19. Rfd1 g5 20. h3 h5 21. Rxd8 Rxd8 $11 22. g3 g4 23. hxg4 hxg4 24. Be2 Nd4 25. Nxd4 Rxd4 26. Rd1 e5 27. b4 Bb7 28. a4 Rxb4 29. Bxb5 Rb3 30. Rc1 Nxe4 31. Nxe4 Rxb5 32. Nd2 Bd5 33. Nf1 Bf3 34. Ne3 Ke6 35. Ra1 Rb6 36. Re1 f6 37. Ng2 f5 38. Nf4+ Kf6 39. Ng2 Rb5 40. Rc1 Be4 41. Ra1 Kg5 42. Rc1 Rb2 43. Ra1 Rb5 44. Rc1 Ra5 45. Re1 Ba8 46. Rc1 f4 47. gxf4+ exf4 48. Rc2 Bd5 49. Kh2 Kf5 50. Rb2 Rxa4 51. Rb5 Rd4 52. Rb2 Kg5 53. Rc2 Rd3 54. Kg1 Kf5 55. Rb2 Rd4 56. Nh4+ Ke5 57. Ng2 Rd3 58. Re2+ Be4 59. Rb2 f3 60. Rb5+ Bd5 61. Nh4 Kf6 62. Rb6+ Kg5 63. Ng6 Rd1+ 64. Kh2 Rf1 65. Ne7 Rxf2+ 66. Kg1 Rg2+ 67. Kh1 Be4 68. Rb5+ Kf4 69. Ng6+ {Ke5} 0-1

[Event "Yingmei CHN-chT 2018"]
[Site "Jiaxing"]
[Date "2018.07.11"]
[Round "9"]
[White "Zhou, Zirun"]
[Black "Yan, Tianqi"]
[Result "1-0"]
[ECO "D45"]
[WhiteElo "2008"]
[BlackElo "2021"]
[Annotator "NA"]
[PlyCount "117"]
[EventDate "2018.07.09"]
[EventType "team-tourn"]
[EventCountry "CHN"]
[SourceTitle "playchess.com"]
[Source "ChessBase"]
[SourceQuality "1"]
[TimeControl "5400+30"]

1. d4 Nf6 2. c4 e6 3. Nc3 Bb4 4. Bd2 O-O 5. Nf3 d5 6. e3 c6 7. Bd3 dxc4 8. Bxc4 Nbd7 {D45: Semi-Slav: 5 e3} 9. O-O Qe7 10. a3 Bd6 11. h3 e5 12. Qc2 h6 13. Nh4 Nb6 {[#]} 14. Bb3 $146 ({Predecessor:} 14. Ng6 Qc7 15. Ba2 Re8 16. dxe5 Bxe5 {1-0 (60) Gurevich,M (2620)-Roofthoofd,M (2295) Belgium 1994}) 14... e4 $2 (14... Be6 $11 {and Black is okay.}) 15. Ng6 $1 Qe8 16. Nxf8 Bxf8 17. f3 exf3 18. Rxf3 Be6 19. Raf1 Nbd5 (19... Bc4 $142 20. Bxc4 Nxc4) 20. e4 Nxc3 21. bxc3 $18 Bxb3 22. Qxb3 Qxe4 23. Bxh6 Qg6 24. Bf4 b5 25. Be5 Be7 26. Rg3 Qh6 27. a4 a6 28. Qa2 Rf8 29. axb5 axb5 30. Rf5 Ne8 31. Qe2 Qe6 32. Qd3 f6 33. Bf4 Bd6 34. Re3 Qd7 35. Re1 Bxf4 36. Rxf4 f5 37. Qe3 Nc7 38. Rf3 Re8 39. Qf2 g6 40. Rxe8+ Qxe8 41. Qg3 Nd5 42. Rxf5 Nxc3 43. Re5 Ne2+ 44. Kf2 Nxg3 45. Rxe8+ Kf7 46. Rc8 Nf5 47. Rxc6 Nxd4 48. Rb6 Kg7 49. Ke3 Nf5+ 50. Kf4 Kh6 51. Rxb5 Ng7 52. Re5 Nh5+ 53. Kf3 Nf6 54. h4 Nd7 55. Re7 Nf6 56. g4 g5 57. Re6 Kg6 58. h5+ Kg7 59. Rxf6 1-0